 Dungeon Crawl Stone Soup version 0.17-a0-1373-g64d4c99 (webtiles) character file.

585 nuthulu the Cudgeler (level 7, -3/41 HPs)
             Began as a Gargoyle Fighter on June 13, 2015.
             Killed by nerve-wracking pain
             ... invoked by Grinder
              (14 damage)
             ... while paralysed by Grinder
             ... on level 4 of the Dungeon.
             The game lasted 00:12:14 (3644 turns).

nuthulu the Cudgeler (Gargoyle Fighter)             Turns: 3644, Time: 00:12:15

Health: -3/41      AC: 16    Str: 26    XL:     7   Next: 37%
Magic:  7/7        EV:  2    Int:  9    God:
Gold:   294        SH:  0    Dex:  9    Spells: 0 memorised, 6 levels left

rFire  . . .     SeeInvis .     a - +0 flail
rCold  . . .     Clarity  +     h - +0 plate armour
rNeg   + . .     SustAt   .     l - +2 large shield
rPois  ∞         Gourm    .     (no helmet)
rElec  +         Spirit   .     (no cloak)
rCorr  .         Warding  .     (no gloves)
rMut   .         Stasis   .     (no boots)
MR     .....                    q - amulet of clarity
Stlth  ..........               (no ring)
                                (no ring)

@: paralysed, mighty, not resistant to hostile enchantments, extremely
unstealthy
A: negative energy resistance 1, electricity resistance, unbreathing,
petrification resistance, rot immunity, AC +4
a: no special abilities


You were on level 4 of the Dungeon.
You were not hungry.

You visited 1 branch of the dungeon, and saw 4 of its levels.

You collected 294 gold pieces.

Inventory:

Hand weapons
 a - a +0 flail (weapon)
Armour
 b - a +0 scale mail
 h - a +0 plate armour (worn)
 l - a +2 large shield (worn)
Jewellery
 g - an uncursed amulet of resist mutation
 q - an amulet of clarity (around neck)
Magical devices
 t - a wand of disintegration (3)
Scrolls
 i - 4 scrolls of blinking
 n - 2 scrolls of recharging
 r - 3 scrolls of amnesia
Potions
 c - a potion of curing {unknown}
 m - 3 potions of brilliance
 o - a potion of ambrosia {unknown}
 s - 2 potions of lignification {unknown}
Comestibles
 e - 2 bread rations
 f - 3 chunks of flesh
 j - 3 meat rations
 k - a beef jerky
 p - a royal jelly


   Skills:
 - Level 3.4 Fighting
 * Level 7.6 Maces & Flails
 - Level 3.5 Armour
 - Level 3.6 Shields


You had 6 spell levels left.
You didn't know any spells.

Dungeon Overview and Level Annotations

Branches:
Dungeon (4/15)
 Temple: D:4-7

Altars:
The Shining One

Annotations:
D:4 Grinder


Innate Abilities, Weirdness & Mutations

You are resistant to torment.
Your stone body is resilient (AC +4).
You are immune to poison.
You resist negative energy.
You are resistant to electric shocks.
You can survive without breathing.
You are immune to petrification.
You are immune to rotting.


Message History

You closely miss Grinder.
Grinder is lightly wounded.
Grinder gestures at you. You resist with significant effort.
Grinder hits you but does no damage.
You hit Grinder.
Grinder is lightly wounded.
Grinder hits you but does no damage.
Drink which item? (? for menu, Esc to quit)
You feel very mighty all of a sudden. Grinder hits you but does no damage. x2
Your shield and plate armour prevent you from hitting Grinder.
Grinder is lightly wounded.
Grinder gestures at you.
You suddenly lose the ability to move!
Grinder hits you but does no damage. Grinder hits you.
* * * LOW HITPOINT WARNING * * *
Grinder hits you but does no damage. Grinder gestures at you.
Pain shoots through your body!
You die...

..........# #..#
##...####.# ##.#
#.#..# #.# #..#
##..#.###...##.##
..#.#..####....#####
#...##.............#
##..##..###.######.#
#....)## #. ####..#
##...## #.##.5@.##
#...#####....####
#......###..##
#..###..##..####
###..####........##
...........#......##
###.######...))....#
....# #.....>...#
...<# ##.........#


You could see Grinder.

Vanquished Creatures
  Menkaure (D:4)
  An ogre (D:4)
  2 orc priests (D:4)
  A centaur skeleton (D:4)
  An orc wizard (D:4)
  Jessica (D:2)
  2 worker ants
  4 gnolls (D:3)
  5 adders
  2 oozes
  A giant gecko (D:1)
  9 orcs (D:4)
  A ball python (D:3)
  A bat skeleton (D:4)
  5 giant cockroaches
  12 goblins
  7 hobgoblins
  15 jackals
  10 kobolds
  8 bats
  3 giant newts
  A quokka (D:4)
  4 rats (D:1)
97 creatures vanquished.

Vanquished Creatures (others)
  5 toadstools (D:1)
5 creatures vanquished.

Grand Total: 102 creatures vanquished

Notes
Turn   | Place    | Note
--------------------------------------------------------------
     0 | D:1      | nuthulu the Gargoyle Fighter began the quest for the Orb.
     0 | D:1      | Reached XP level 1. HP: 14/14 MP: 1/1
    72 | D:1      | Reached XP level 2. HP: 5/19 MP: 2/2
   645 | D:1      | Reached XP level 3. HP: 21/23 MP: 3/3
   899 | D:1      | Found a glowing golden altar of the Shining One.
  1591 | D:2      | Reached XP level 4. HP: 25/28 MP: 4/4
  1688 | D:2      | Found a faded altar to an unknown god.
  1713 | D:2      | Noticed Jessica
  1725 | D:2      | Killed Jessica
  1725 | D:2      | Reached skill level 4 in Maces & Flails
  2080 | D:3      | Reached XP level 5. HP: 29/32 MP: 5/5
  2162 | D:3      | Reached skill level 5 in Maces & Flails
  2700 | D:4      | Noticed an ogre
  2856 | D:4      | Reached XP level 6. HP: 37/37 MP: 6/6
  3022 | D:4      | Reached skill level 6 in Maces & Flails
  3069 | D:4      | Killed an ogre
  3193 | D:4      | Noticed Menkaure
  3208 | D:4      | Killed Menkaure
  3208 | D:4      | Reached skill level 7 in Maces & Flails
  3208 | D:4      | Reached XP level 7. HP: 28/41 MP: 7/7
  3612 | D:4      | Noticed Grinder
  3642 | D:4      | Paralysed by Grinder for 5 turns
  3644 | D:4      | Killed from afar by Grinder

Vault maps used:
D:1:      ldierk_walled_garden, tso_metal_star
D:2:      ecumenical_altar_2, uniq_jessica
D:3:      first_bread
D:4:      uniq_grinder, uniq_menkaure

Action                   |  1- 3 |  4- 6 |  7- 9 || total
-------------------------+-------+-------+-------++-------
Melee: Flail             |   151 |   245 |    58 ||   454
Evoke: Wand              |       |     2 |       ||     2
  Use: Scroll            |     9 |     4 |       ||    13
       Potion            |     1 |     2 |     1 ||     4
  Eat: Chunk             |     2 |     6 |     2 ||    10
